 Dungeon Crawl Stone Soup version 0.25-a0-566-g062765be81 (webtiles) character file.

Game seed: 17774397060698143004, levelgen mode: classic

9 EnegeticOcto the Shield-Bearer (level 2, -1/27 HPs)
             Began as a Deep Dwarf Fighter on Feb 27, 2020.
             Killed by divine providence
             ... invoked by an orc priest
              (15 damage)
             ... on level 3 of the Dungeon.
             The game lasted 00:00:06 (119 turns).

EnegeticOcto the Shield-Bearer (Deep Dwarf Fighter)  Turns: 119, Time: 00:00:07

Health: -1/27      AC:  6    Str: 19    XL:     2   Next: 3%
Magic:  2/2        EV:  7    Int:  8    God:
Gold:   9          SH:  9    Dex: 12    Spells: 1/1 levels left

rFire    . . .     SeeInvis .   a - +0 war axe
rCold    . . .     Gourm    .   c - +0 kite shield
rNeg     . . .     Faith    .   b - +0 scale mail
rPois    .         Spirit   .   (no helmet)
rElec    .         Reflect  .   (no cloak)
rCorr    .         Harm     .   (no gloves)
MR       .....                  (no boots)
Stlth    ..........             (no amulet)
HPRegen  0.00/turn              (no ring)
MPRegen  0.08/turn              (no ring)

@: non-regenerating
A: damage resistance, heal wounds, sense surroundings 1, no regeneration
a: Heal Wounds


You were on level 3 of the Dungeon.
You were not hungry.

You visited 1 branch of the dungeon, and saw 3 of its levels.

You collected 9 gold pieces.

Inventory:

Hand Weapons
 a - a +0 war axe (weapon)
Armour
 b - a +0 scale mail (worn)
 c - a +0 kite shield (worn)
Scrolls
 d - a scroll of enchant weapon {unknown}
Potions
 k - a potion of might {@q3}
Comestibles
 e - a ration


   Skills:
 * Level 2.9 Fighting
 * Level 2.4 Axes
 + Level 3.3 Armour
 + Level 0.3 Dodging
 + Level 3.3 Shields


You had one spell level left.
You didn't know any spells.
Your spell library was empty.

Dungeon Overview and Level Annotations

Branches:
Dungeon (3/15)

Altars:


Innate Abilities, Weirdness & Mutations

You are resistant to damage.
You can heal yourself by infusing magical energy.
You passively map a small area around you.
You do not regenerate.


Message History

You block the hobgoblin's attack.
The hobgoblin hits you but does no damage.
You slash the hobgoblin!
You kill the hobgoblin!
No target in view!
No target in view!
No target in view!
No target in view!
No target in view!
Found a stone staircase leading down.
You now have 9 gold pieces.
A bat comes into view.
The bat moves out of view.
No target in view!
The bat is too close now for your liking.
A bat is nearby!
A bat is nearby!
The bat closely misses you.
You slash the bat!
You kill the bat!
No target in view!
No target in view!
No target in view!
No target in view!
No target in view!
No target in view!
No target in view!
No target in view!
No target in view!
No target in view!
No target in view!
(D) Dungeon
Where to? (Enter - D:2, ? - help)
There is a stone staircase leading down here.
You climb downwards.
A giant cockroach, an orc and an orc priest come into view.
The orc priest shouts!
The orc shouts!
There is a stone staircase leading up here.
A bat comes into view.
The giant cockroach waves its antennae.
The giant cockroach bites you but does no damage.
The bat moves out of view.
Found an orange potion.
You closely miss the giant cockroach. The giant cockroach closely misses you.
The giant cockroach bites you but does no damage.
You miss the bat. You barely miss the orc.
Your shield prevents you from hitting the giant cockroach.
The bat hits you.
The orc priest looks satisfied for a moment.
The giant cockroach barely misses you. The orc closely misses you.
An orc wizard comes into view. It is wielding a +0 dagger.
You barely miss the bat.
The orc wizard shouts!
You hit the orc.
Your scale mail prevents you from hitting the giant cockroach.
You block the bat's attack. You block the giant cockroach's attack.
The orc wizard casts a spell.
The orc wizard flickers and vanishes!
Deactivating autopickup; reactivate with Ctrl-A.
The giant cockroach bites you. The bat hits you but does no damage.
The orc barely misses you.
You hit the orc but do no damage.
The orc is moderately wounded.
You hit the giant cockroach. You slash the orc priest! You hit the bat.
You kill the bat!
You block the giant cockroach's attack.
The orc priest hits you with a +0 flail.
The orc hits you but does no damage. You block the giant cockroach's attack.
You slash the orc priest!
The orc priest is almost dead.
You closely miss the orc.
Your shield prevents you from hitting the giant cockroach.
The orc priest closely misses you. You block the giant cockroach's attack.
The orc hits you but does no damage. The giant cockroach bites you.
The orc priest closely misses you.
Your shield and scale mail prevent you from hitting the orc priest.
The orc priest is almost dead.
You closely miss the giant cockroach.
Your shield and scale mail prevent you from hitting the orc.
The orc hits you with a +0 hand axe.
The giant cockroach bites you but does no damage.
The orc priest hits you with a +0 flail.
The orc hits you with a +0 hand axe. You block the giant cockroach's attack.
Your shield and scale mail prevent you from hitting the orc priest.
The orc priest is almost dead.
You hit the giant cockroach.
You kill the giant cockroach!
You slash the orc!
You kill the orc!
You have reached level 2!
The orc priest begins to cast a cantrip, but forgets the words!
You hit the orc priest.
The orc priest is almost dead.
You miss something.
The orc priest hits you but does no damage.
Something completely misses you.
The orc priest invokes the aid of Beogh against you.
Beogh smites you!
Ouch! That really hurt!
You die...

, #.#* > , , #.#
.... , . , #.#
.... , * .. ,
,#.# ..... ...,
#.#,..... , *
.... #.#...... *
..... #.#......
!.....#<.......,
, , *
#...@o...#.. *
#..#†#......
#..#.#o....# #.
..# ##### * ##
... *, * * ##.#
* * * ..# ,* , ,
#.# *, * ,


You could see an orc priest.

Vanquished Creatures
  An orc (D:3)
  A giant cockroach (D:3)
  2 hobgoblins
  2 bats
  A frilled lizard (D:1)
7 creatures vanquished.

Notes
Turn   | Place    | Note
-------+----------+-------------------------------------------
     0 | D:1      | EnegeticOcto the Deep Dwarf Fighter began the quest for the
                  | Orb.
     0 | D:1      | Reached XP level 1. HP: 20/20 MP: 1/1
   110 | D:3      | Noticed an orc priest
   113 | D:3      | Noticed an orc wizard
   118 | D:3      | Reached XP level 2. HP: 14/27 MP: 2/2
   119 | D:3      | Killed from afar by an orc priest

Levels and vault maps discovered:
D:1:      dpeg_arrival_lava_temple_mockup, layout_basic
D:2:      layout_basic
D:3:      layout_basic, kennysheep_nondescript, uniq_ijyb

Action                   || total
-------------------------++-------
Melee: War axe           ||    16
Armor: Scale mail        ||    10
Dodge: Dodged            ||    10
Block: Kite shield       ||     9

Table legend:
 A = Non-vault XP
 B = Vault XP
 C = Vault XP percentage of total XP
 D = Non-vault monster count
 E = Vault monster count
 F = Vault count percentage of total count
                 A         B        C        D         E       F
            +---------+---------+-------+---------+---------+-------
      Total |      13 |       0 |   0.0 |       7 |       0 |   0.0
            +---------+---------+-------+---------+---------+-------
        D:1 |       3 |       0 |   0.0 |       2 |       0 |   0.0
        D:2 |       3 |       0 |   0.0 |       2 |       0 |   0.0
        D:3 |       7 |       0 |   0.0 |       3 |       0 |   0.0
            +---------+---------+-------+---------+---------+-------
